 Dungeon Crawl Stone Soup version 0.25-a0-634-gd1561dc703 (webtiles) character file.

Game seed: 1373133353661291014, levelgen mode: deterministic

33 DasRunzen the Poker (level 3, -4/30 HPs)
             Began as a Draconian Gladiator on Mar 20, 2020.
             Killed by nerve-wracking pain
             ... invoked by Jessica
              (14 damage)
             ... on level 2 of the Dungeon.
             The game lasted 00:02:01 (971 turns).

DasRunzen the Poker (Draconian Gladiator)            Turns: 971, Time: 00:02:02

Health: -4/30      AC:  5    Str: 16    XL:     3   Next: 12%
Magic:  4/4        EV: 13    Int:  9    God:
Gold:   54         SH:  0    Dex: 12    Spells: 4/4 levels left

rFire    . . .     SeeInvis .   a - +0 trident
rCold    + . .     Gourm    .   (no shield)
rNeg     . . .     Faith    .   (armour unavailable)
rPois    .         Spirit   .   b - +0 hat
rElec    .         Reflect  .   (no cloak)
rCorr    .         Harm     .   (no gloves)
MR       .....                  (no boots)
Stlth    +.........             f - amulet of the acrobat
HPRegen  0.10/turn              e - ring of protection from cold
MPRegen  0.09/turn              (no ring)

@: slowed, very slow
A: unfitting armour, cold-blooded, AC +5
a: no special abilities


You were on level 2 of the Dungeon.
You were not hungry.

You visited 1 branch of the dungeon, and saw 2 of its levels.

You collected 54 gold pieces.

Inventory:

Hand Weapons
 a - a +0 trident (weapon)
Missiles
 c - 3 throwing nets (quivered)
Armour
 b - a +0 hat (worn)
Jewellery
 e - a ring of protection from cold (left hand)
 f - an amulet of the acrobat (around neck)
Scrolls
 g - a scroll of fog {unknown}
 h - a scroll of teleportation
 i - a scroll of remove curse
Comestibles
 d - 2 rations


   Skills:
 + Level 2.7 Fighting
 + Level 3.3 Polearms
 - Level 1.7 Throwing
 + Level 3.0 Dodging
 + Level 1.1 Spellcasting


You had 4 spell levels left.
You didn't know any spells.
Your spell library was empty.

Dungeon Overview and Level Annotations

Branches:
Dungeon (2/15)

Altars:

Annotations:
D:2 Jessica


Innate Abilities, Weirdness & Mutations

Your plain brown scales are hard. (AC +5)
You cannot fit into any form of body armour.
You are cold-blooded and may be slowed by cold attacks.


Message History

Jessica barely misses you.
You hit Jessica.
Jessica is almost dead.
Jessica hits you but does no damage.
Jessica casts a spell.
Jessica seems to speed up.
You hit Jessica but do no damage.
Your tail-slap misses Jessica.
Jessica is almost dead.
Jessica casts a spell.
Jessica blinks!
Jessica gestures at you while chanting.
You feel yourself slow down.
Attack whom?
Press: ? - help, Dir - move target cursor, f - Jessica
Aim: Jessica, wearing a +0 robe (almost dead, fast)
You barely miss Jessica.
Jessica is almost dead.
Jessica gestures at you while chanting. Pain shoots through your body!
You die...

#.## #..#
##.#
#.#######
#..##)..#
#..##...#
#...#...#
####..#(..#
#.....'@@.#
....###.#)..#
.#. ...#.###
# ###.#.#
#...# ..>.#
##.(. #.##


You could see Jessica.

Vanquished Creatures
  An adder (D:2)
  A worm (D:2)
  4 bats
  A giant cockroach (D:1)
  2 goblins
  5 hobgoblins
  A frilled lizard (D:1)
  3 kobolds
  3 rats
21 creatures vanquished.

Notes
Turn   | Place    | Note
-------+----------+-------------------------------------------
     0 | D:1      | DasRunzen the Draconian Gladiator began the quest for the
                  | Orb.
     0 | D:1      | Reached XP level 1. HP: 17/17 MP: 1/1
   236 | D:1      | Reached XP level 2. HP: 25/25 MP: 2/2
   916 | D:2      | Reached skill level 1 in Spellcasting
   916 | D:2      | Reached XP level 3. HP: 29/30 MP: 4/4
   958 | D:2      | Noticed Jessica
   971 | D:2      | Killed from afar by Jessica

Levels and vault maps discovered:
D:1:      grunt_arrival_lava_bath, layout_loops_corners, minmay_misc_feat_rugged
D:2:      layout_basic, hangedman_decor_slide_cut, minivault_4, uniq_jessica

Skill      XL: |  1  2 |
---------------+-------+-----
Dodging        | 3 |  3.0
Spellcasting   | 1 |  1.1
Fighting       | |  2.7
Polearms       | |  3.3
Throwing       | |  1.7

Action                   || total
-------------------------++-------
Melee: Trident           ||    65
       Tailslap          ||     4
  Use: Scroll            ||     3
Armor: Skin              ||    21
Dodge: Dodged            ||    30

Table legend:
 A = Non-vault XP
 B = Vault XP
 C = Vault XP percentage of total XP
 D = Non-vault monster count
 E = Vault monster count
 F = Vault count percentage of total count
                 A         B        C        D         E       F
            +---------+---------+-------+---------+---------+-------
      Total |      48 |       0 |   0.0 |      21 |       0 |   0.0
            +---------+---------+-------+---------+---------+-------
        D:1 |      19 |       0 |   0.0 |      12 |       0 |   0.0
        D:2 |      29 |       0 |   0.0 |       9 |       0 |   0.0
            +---------+---------+-------+---------+---------+-------
